[Event "December 19 Late 2023"]
[Site "https://www.chess.com"]
[Date "2023.12.19"]
[Round "1"]
[White "Seemann, Jakub"]
[Black "Bogaudinov, Rushan"]
[Result "1-0"]
[Board "65"]
[TimeControl "180+1"]
[WhiteFideId "21874697"]
[BlackFideId "4129288"]
[WhiteElo "2332"]
[BlackElo "1937"]
[WhiteTeam "POL"]
[BlackTeam "RUS"]
[WhiteClock "0:00:17"]
[BlackClock "0:00:09"]

1. d4 Nf6 2. Bf4 e6 3. e3 b6 4. Nf3 Bb7 5. c4 Nh5 6. Bg3 Be7 7. Nc3 Nxg3 8. hxg3 d6 9. Bd3 h6 10. Qe2 Nd7 11. Be4 c6 12. g4 d5 13. cxd5 exd5 14. Bf5 O-O 15. g5 g6 16. Bxd7 Qxd7 17. gxh6 Bf6 18. O-O-O a5 19. Kb1 a4 20. a3 Rfe8 21. Qc2 c5 22. h7+ Kh8 23. Qd2 Qg4 24. dxc5 Qxg2 25. Nh4 Qg4 26. Nxd5 Bg7 27. f3 Qe6 28. Nc7 Qb3 29. Nxa8 Bxa8 30. cxb6 Qxb6 31. e4 Rb8 32. Rh2 Bc6 33. Qb4 Qc7 34. Qd6 Qb7 35. Qd8+ Bf8 36. Qf6+ Bg7 37. Qd8+ Bf8 38. Qd2 Bg7 39. Rc1 Be8 40. Qb4 Qa7 41. Qc5 Qa8 42. Rhc2 Kxh7 43. Ng2 Kg8 44. Nf4 Bd7 45. Nd5 Be6 46. Ne7+ Kf8 47. Nxg6+ Kg8 48. Ne7+ Kf8 49. Nc6+ Kg8 50. Nxb8 Qxb8 51. Qc8+ Bxc8 52. Rxc8+ Qxc8 53. Rxc8+ Kh7 54. Kc2 Kg6 55. b3 axb3+ 56. Kxb3 Kg5 57. a4 Kf4 58. Rc3 Bxc3 59. Kxc3 Kxf3 60. Kd4 f5 61. exf5 Kf4 62. a5 Kxf5 63. a6 Ke6 64. a7 Kd7 65. a8=Q Kc7 66. Qd5 Kb6 67. Qc5+ Kb7 68. Kd5 Ka6 69. Kd6 Kb7 70. Kd7 Ka8 71. Qb4 Ka7 72. Kc7 Ka8 73. Qa4# 1-0

[Event "December 19 Late 2023"]
[Site "https://www.chess.com"]
[Date "2023.12.19"]
[Round "1"]
[White "Dwilewicz, Katarzyna"]
[Black "Adewumi, Tanitoluwa"]
[Result "0-1"]
[Board "66"]
[TimeControl "180+1"]
[WhiteFideId "1148486"]
[BlackFideId "30966396"]
[WhiteElo "2098"]
[BlackElo "2325"]
[WhiteTeam "POL"]
[BlackTeam "USA"]
[WhiteClock "0:00:01"]
[BlackClock "0:00:08"]

1. e4 c5 2. c3 Nf6 3. e5 Nd5 4. d4 cxd4 5. Bc4 e6 6. cxd4 Nc6 7. Nf3 d6 8. O-O Be7 9. Qe2 O-O 10. Rd1 Qc7 11. Bb3 Na5 12. Bc2 Nb4 13. Ba4 Bd7 14. Bxd7 Qxd7 15. Nc3 d5 16. h4 Rac8 17. g3 Na6 18. Kg2 Rc4 19. Bg5 Bb4 20. Rd3 Rfc8 21. Bd2 Bxc3 22. Bxc3 Qb5 23. Re1 Nb4 24. Bxb4 Qxb4 25. Rd2 Rc1 26. h5 Rxe1 27. Nxe1 Nc4 28. Rc2 Rc6 29. b3 Nb6 30. Nf3 h6 31. Qd3 Rxc2 32. Qxc2 Qe7 33. g4 Qd8 34. Kg3 Qc8 35. Qd2 Kf8 36. g5 hxg5 37. Nxg5 Nd7 38. Qf4 Qe8 39. Nh7+ Kg8 40. Ng5 f6 41. exf6 gxf6 42. Nf3 Qxh5 43. Qd6 Qg6+ 44. Kh2 Qh7+ 45. Kg3 Nf8 46. Qf4 Qg6+ 47. Kh3 Qh5+ 48. Nh4 Kf7 49. Qg3 Ng6 50. Qc7+ Kg8 51. Qd8+ Kg7 52. Qc7+ Kh6 53. Qg3 Qxh4+ 54. Qxh4+ Nxh4 55. Kxh4 Kg6 56. Kg4 e5 57. Kf3 Kf5 58. Ke3 b5 59. f3 a5 60. a3 b4 61. a4 Ke6 62. Kd3 Kd6 63. Ke3 Ke6 64. Kd3 exd4 65. Kxd4 Kd6 66. f4 f5 67. Kd3 Kc5 68. Ke3 d4+ 69. Kd3 Kd5 70. Ke2 Ke4 71. Kd2 Kxf4 72. Kd3 Ke5 0-1

[Event "December 19 Late 2023"]
[Site "https://www.chess.com"]
[Date "2023.12.19"]
[Round "1"]
[White "Pakleza, Zbigniew"]
[Black "Azar, Sebastien"]
[Result "1-0"]
[Board "67"]
[TimeControl "180+1"]
[WhiteFideId "1119290"]
[BlackFideId "2640198"]
[WhiteElo "2410"]
[BlackElo "2400"]
[WhiteTeam "POL"]
[BlackTeam "CAN"]
[WhiteClock "0:02:04"]
[BlackClock "0:01:08"]

1. d4 d5 2. Bf4 Nf6 3. e3 e6 4. Nd2 Bd6 5. Bg3 O-O 6. Bd3 Re8 7. Ngf3 c5 8. c3 Nc6 9. Ne5 Qc7 10. f4 a6 11. Bh4 Be7 12. O-O b5 13. Qf3 g6 14. g4 h5 15. Bxf6 Bxf6 16. gxh5 g5 17. Nxc6 Qxc6 18. fxg5 Bg7 19. Qxf7+ Kh8 20. Qg6 1-0

[Event "December 19 Late 2023"]
[Site "https://www.chess.com"]
[Date "2023.12.19"]
[Round "1"]
[White "Delorme, Axel"]
[Black "Schmakel, Sam"]
[Result "1-0"]
[Board "68"]
[TimeControl "180+1"]
[WhiteFideId "632023"]
[BlackFideId "2039311"]
[WhiteElo "2478"]
[BlackElo "2356"]
[WhiteTeam "FRA"]
[BlackTeam "USA"]
[WhiteClock "0:00:08"]
[BlackClock "0:00:16"]

1. e4 e6 2. d4 d5 3. Nc3 Nf6 4. e5 Nfd7 5. f4 c5 6. Nf3 Nc6 7. Be3 cxd4 8. Nxd4 Qb6 9. Qd2 Qxb2 10. Rb1 Qa3 11. Bb5 Nxd4 12. Bxd4 a6 13. Bxd7+ Bxd7 14. Rb3 Qe7 15. Rxb7 Rc8 16. O-O Qd8 17. f5 exf5 18. Rfb1 Be6 19. Ne2 Be7 20. Bb6 Bc5+ 21. Bxc5 Rxc5 22. Qb4 Rc4 23. Qa3 Bc8 24. Ra7 Rc7 25. Rxc7 Qxc7 26. Nd4 h5 27. Qa4+ Qd7 28. Qb4 Qc7 29. Rb3 Bd7 30. Qb8+ 1-0

[Event "December 19 Late 2023"]
[Site "https://www.chess.com"]
[Date "2023.12.19"]
[Round "1"]
[White "Postny, Evgeny"]
[Black "ajian"]
[Result "1-0"]
[Board "69"]
[TimeControl "180+1"]
[WhiteFideId "2804344"]
[WhiteElo "2505"]
[BlackElo "2400"]
[WhiteTeam "ISR"]
[WhiteClock "0:00:57"]
[BlackClock "0:00:02"]

1. e4 c5 2. Nf3 Nc6 3. d4 cxd4 4. Nxd4 Nf6 5. Nc3 e5 6. Ndb5 d6 7. Bg5 a6 8. Na3 b5 9. Bxf6 gxf6 10. Nd5 f5 11. exf5 Bxf5 12. c3 Bg7 13. Nc2 Be6 14. Be2 Ne7 15. Nce3 Nxd5 16. Nxd5 O-O 17. O-O a5 18. Bxb5 Rb8 19. a4 f5 20. f4 Kh8 21. Kh1 Rg8 22. Qd2 Bh6 23. Rad1 Qh4 24. Qf2 Qxf2 25. Rxf2 Bxd5 26. Rxd5 Bxf4 27. g3 Be3 28. Rxf5 Bc5 29. Kg2 Rgf8 30. Rxf8+ Rxf8 31. Rd2 e4 32. Bc6 e3 33. Re2 Kg7 34. b4 axb4 35. cxb4 Bxb4 36. Rxe3 Rf7 37. Rb3 Bc5 38. h4 Kf6 39. a5 Ra7 40. Rb5 Ke5 41. Bb7 Kd4 42. a6 Kc4 43. Rb1 d5 44. Rc1+ Kd4 45. Rd1+ Kc4 46. Bxd5+ Kb5 47. Bb7 Kc4 48. Rc1+ Kd4 49. Rxc5 Kxc5 50. Kf3 Kd6 51. Kg4 Ke7 52. Kg5 Kf7 53. Kh6 Kg8 54. g4 Kh8 55. g5 Kg8 56. h5 Kh8 57. g6 hxg6 58. hxg6 Kg8 59. g7 Rxa6+ 60. Bxa6 Kf7 61. Bc4+ Kf6 62. g8=Q Ke7 63. Qg6 Kd8 64. Qf7 1-0

[Event "December 19 Late 2023"]
[Site "https://www.chess.com"]
[Date "2023.12.19"]
[Round "1"]
[White "Akhayan, Ruben"]
[Black "Tatarinov, Dmitry"]
[Result "0-1"]
[Board "70"]
[TimeControl "180+1"]
[WhiteFideId "204439"]
[BlackFideId "24160067"]
[WhiteElo "2141"]
[BlackElo "2344"]
[WhiteTeam "BEL"]
[BlackTeam "RUS"]
[WhiteClock "0:00:26"]
[BlackClock "0:01:35"]

1. e4 e5 2. Nf3 Nc6 3. Bb5 a6 4. Bxc6 dxc6 5. O-O Bd6 6. d4 exd4 7. Qxd4 f6 8. Nc3 Qe7 9. Re1 Bg4 10. Be3 Bxf3 11. gxf3 Be5 12. Qc5 Qxc5 13. Bxc5 O-O-O 14. Rad1 Nh6 15. Rxd8+ Rxd8 16. Rd1 Bxc3 17. Rxd8+ Kxd8 18. bxc3 Nf7 19. Bf8 g6 20. Kg2 Kd7 21. f4 Ke6 22. Kf3 f5 23. h4 fxe4+ 24. Kxe4 Nd6+ 25. Bxd6 cxd6 26. c4 b5 27. cxb5 axb5 28. c3 c5 29. a3 d5+ 30. Ke3 Kf5 31. Kf3 d4 32. cxd4 cxd4 33. Kg3 Ke4 0-1

[Event "December 19 Late 2023"]
[Site "https://www.chess.com"]
[Date "2023.12.19"]
[Round "1"]
[White "Skvortsov, Andrei"]
[Black "Storn, Justin"]
[Result "0-1"]
[Board "71"]
[TimeControl "180+1"]
[WhiteFideId "24108600"]
[BlackFideId "30922720"]
[WhiteElo "2338"]
[BlackElo "2392"]
[WhiteTeam "MNE"]
[BlackTeam "USA"]
[WhiteClock "0:01:05"]
[BlackClock "0:00:12"]

1. e4 c6 2. e5 d5 3. exd6 exd6 4. Nf3 d5 5. d4 Bd6 6. Bd3 Ne7 7. h3 O-O 8. O-O Bf5 9. Re1 Bxd3 10. Qxd3 Nd7 11. Nc3 Re8 12. Bg5 f6 13. Bd2 Qc7 14. Re2 Ng6 15. Rae1 Kf7 16. Rxe8 Rxe8 17. Rxe8 Kxe8 18. Qe2+ Kf7 19. g3 Ndf8 20. Kg2 Ne6 21. Be3 Ne7 22. Qd3 g6 23. Ne2 Nf5 24. Bd2 h5 25. a4 Kg7 26. b3 h4 27. g4 Ne7 28. c4 g5 29. c5 Bf4 30. Nxf4 Nxf4+ 31. Bxf4 Qxf4 32. Qe2 Kf7 33. Qe3 Ng6 34. b4 Qe4 35. Qxe4 dxe4 36. Nd2 Nf4+ 37. Kh2 e3 38. fxe3 Nd5 39. Nc4 Nxb4 40. Nd6+ Ke6 41. Nxb7 Nc2 42. Kg2 Nxe3+ 43. Kf3 Nd5 44. Na5 Kd7 45. Kg2 Nf4+ 46. Kh2 Ne2 47. Nb3 Ke6 48. Kg2 Nf4+ 49. Kh2 Ne2 50. Kg2 Nf4+ 51. Kh2 Kd5 52. Na5 Ne6 53. Nb7 Nxd4 54. Nd6 Kxc5 55. Ne4+ Kb4 56. Nxf6 c5 57. Kg2 c4 58. Kf2 c3 59. Ke3 Kb3 60. Ne4 c2 61. Kxd4 c1=Q 62. Kd5 Qe3 63. Ke5 Kxa4 64. Kd5 Ka3 65. Ke5 a5 66. Kd5 a4 67. Nd6 Qd3+ 68. Ke5 Qxd6+ 69. Kxd6 Kb3 70. Ke5 a3 71. Kf5 a2 72. Kxg5 a1=Q 73. Kxh4 Qf6+ 74. Kh5 Qg7 75. h4 Kc4 76. g5 Kd5 77. Kg4 Ke6 78. h5 Qd4+ 79. Kg3 Kf5 80. g6 Qg4+ 0-1

[Event "December 19 Late 2023"]
[Site "https://www.chess.com"]
[Date "2023.12.19"]
[Round "1"]
[White "Nunez V, Gustavo Eduardo"]
[Black "Dyachuk, Artem"]
[Result "1-0"]
[Board "72"]
[TimeControl "180+1"]
[WhiteFideId "4403690"]
[BlackFideId "34107924"]
[WhiteElo "2167"]
[BlackElo "2244"]
[WhiteTeam "COL"]
[BlackTeam "UKR"]
[WhiteClock "0:00:05"]
[BlackClock "0:00:00"]

1. e4 e5 2. Nf3 Nc6 3. d4 exd4 4. Nxd4 Nf6 5. Nc3 Bb4 6. Nxc6 bxc6 7. Bd3 d5 8. e5 Nd7 9. O-O O-O 10. f4 Nc5 11. Ne2 Nxd3 12. cxd3 Ba6 13. d4 Qd7 14. Be3 Rab8 15. f5 c5 16. a3 Ba5 17. b4 cxb4 18. axb4 Qb5 19. Rxa5 Qxe2 20. Qxe2 Bxe2 21. Rf2 Bd3 22. Bd2 a6 23. f6 Bb5 24. fxg7 Rfe8 25. Ra3 Re6 26. Rg3 Bc4 27. Rf6 Rbb6 28. Rgf3 Rxf6 29. exf6 Re6 30. h4 Re4 31. Bf4 c6 32. g4 Be2 33. Rf2 Bxg4 34. Kg2 Rxd4 35. Kg3 Be6 36. Re2 Rxb4 37. Rc2 Rb3+ 38. Kf2 Rb4 39. Be3 d4 40. Bd2 Rb6 41. Rc5 Rb2 42. Ke1 Rb1+ 43. Kf2 Rh1 44. Rxc6 Rh2+ 45. Ke1 Rh1+ 46. Kf2 Rh2+ 47. Ke1 Rxh4 48. Rxa6 Bd5 49. Rd6 Re4+ 50. Kf2 Re8 51. Rxd5 d3 52. Be3 h5 53. Rxd3 Rf8 54. Rd5 Kh7 55. Rxh5+ Kg6 56. Rh8 Kxf6 57. Rg8 Ke5 58. Rxf8 1-0

[Event "December 19 Late 2023"]
[Site "https://www.chess.com"]
[Date "2023.12.19"]
[Round "1"]
[White "Maurizzi, Marc`Andria"]
[Black "Marin Pincheira, Carlos"]
[Result "1-0"]
[Board "73"]
[TimeControl "180+1"]
[WhiteFideId "36083534"]
[BlackFideId "3407543"]
[WhiteElo "2417"]
[BlackElo "2080"]
[WhiteTeam "FRA"]
[BlackTeam "CHI"]
[WhiteClock "0:01:48"]
[BlackClock "0:00:00"]

1. d4 d5 2. Nf3 Nf6 3. Bf4 c5 4. e3 cxd4 5. exd4 Nc6 6. c3 Bg4 7. Nbd2 g6 8. h3 Bf5 9. Qb3 Na5 10. Bb5+ Bd7 11. Qa4 Nc6 12. Ne5 Nxe5 13. dxe5 Nh5 14. Bh2 Ng7 15. Nf3 Ne6 16. O-O a6 17. Bxd7+ Qxd7 18. Qb3 Bg7 19. Rad1 Rd8 20. Rd2 Nc5 21. Qc2 Qf5 22. Qd1 e6 23. Nd4 Qh5 24. Qxh5 gxh5 25. Ne2 Ne4 26. Rd3 Nc5 27. Rdd1 Kd7 28. Rfe1 Kc6 29. Ng3 Nd7 30. Nxh5 Rhg8 31. g4 Bh8 32. f4 Nc5 33. Kf1 Ne4 34. Bg1 b5 35. Bd4 Rc8 36. Re3 Kb7 37. Ng3 Nxg3+ 38. Rxg3 h5 39. Kf2 hxg4 40. hxg4 Bg7 41. Rh1 Rh8 42. Rgh3 Rxh3 43. Rxh3 Rh8 44. Rxh8 Bxh8 45. Kf3 Kc6 46. g5 Bg7 47. Kg4 Kd7 48. f5 Bf8 49. f6 Ke8 50. Kh5 a5 51. g6 fxg6+ 52. Kxg6 a4 53. f7+ Kd7 54. Kh7 Ke7 55. Kg8 Bh6 56. Be3 Kd7 57. Bxh6 Kc6 58. f8=Q 1-0

[Event "December 19 Late 2023"]
[Site "https://www.chess.com"]
[Date "2023.12.19"]
[Round "1"]
[White "Malek, Omid"]
[Black "Apoorv Kamble"]
[Result "0-1"]
[Board "74"]
[TimeControl "180+1"]
[WhiteFideId "2605384"]
[BlackFideId "25683012"]
[WhiteElo "2013"]
[BlackElo "1940"]
[WhiteTeam "CAN"]
[BlackTeam "IND"]
[WhiteClock "0:01:31"]
[BlackClock "0:02:02"]

1. d4 Nf6 2. Nc3 d5 3. Bf4 c5 4. e4 Nxe4 5. Nxe4 dxe4 6. dxc5 Qa5+ 7. c3 Qxc5 8. Qa4+ Nc6 9. Qxe4 g6 10. Nf3 Bg7 11. Rd1 O-O 12. Qc4 Qa5 13. Qd5 Qxd5 14. Rxd5 Be6 15. Rb5 b6 16. a3 Rad8 17. Be2 Na5 18. Kf1 Bc4 19. Rb4 Rd1+ 20. Ne1 Bxe2+ 21. Kxe2 Rfd8 22. Rf1 Nc6 23. Re4 Rb1 24. Nd3 Rxf1 25. Kxf1 Rxd3 26. Ke2 Rd7 27. Rc4 Nd8 28. Rc8 e5 29. Bg5 f6 30. Be3 Bf8 31. a4 Kf7 32. a5 bxa5 33. Rb8 Be7 34. Rb5 Rb7 35. Rxb7 Nxb7 36. Bxa7 Bc5 37. Bb8 Ke6 38. f3 Kd7 39. b4 axb4 40. cxb4 Bd4 41. b5 Kc8 42. Bxe5 Bxe5 43. g3 Nd6 44. b6 Kb7 45. f4 Bd4 46. Kf3 Bxb6 47. Kg4 Kc6 48. h4 h5+ 49. Kh3 f5 50. g4 Kd5 51. gxh5 gxh5 52. Kg3 Ke4 53. Kg2 Kxf4 54. Kh1 Kg4 55. Kh2 Bd8 56. Kh1 f4 57. Kg2 f3+ 58. Kf2 Bb6+ 59. Kf1 Nf5 60. Ke1 Ng3 61. Kd2 f2 62. Kd3 f1=Q+ 63. Kd2 Ba5+ 64. Kc2 Qc4+ 65. Kb1 Qb3+ 66. Kc1 Ne2# 0-1

[Event "December 19 Late 2023"]
[Site "https://www.chess.com"]
[Date "2023.12.19"]
[Round "1"]
[White "Rastbod, Ali"]
[Black "Pein, Jonathan"]
[Result "1/2-1/2"]
[Board "75"]
[TimeControl "180+1"]
[WhiteFideId "12567477"]
[BlackFideId "417092"]
[WhiteElo "2209"]
[BlackElo "2130"]
[WhiteTeam "IRI"]
[BlackTeam "ENG"]
[WhiteClock "0:00:17"]
[BlackClock "0:00:19"]

1. Nf3 g6 2. e4 Bg7 3. d4 d6 4. Nc3 a6 5. a4 Nd7 6. Bc4 e6 7. a5 Ne7 8. h4 h6 9. Bf4 O-O 10. Qd2 Kh7 11. h5 g5 12. Bxg5 hxg5 13. Nxg5+ Kg8 14. Bxe6 fxe6 15. Nxe6 Qe8 16. Nxc7 Qf7 17. Nxa8 Nc6 18. d5 Nce5 19. h6 Bf6 20. Qe2 Bg5 21. g3 Nf3+ 22. Kf1 Nde5 23. h7+ Kh8 24. Kg2 Bg4 25. Qf1 Nd2 26. Qe1 Bf3+ 27. Kg1 Bxh1 28. Kxh1 Qh5+ 29. Kg2 Qf3+ 30. Kg1 Rxa8 31. Qe2 Kxh7 32. Qxf3 Ndxf3+ 33. Kg2 Nd4 34. f4 Nxc2 35. Rh1+ Kg6 36. fxe5 dxe5 37. Kf3 Nd4+ 38. Kg2 Rf8 39. Re1 Bd2 40. Rd1 Bxc3 41. bxc3 Nb5 42. c4 Nd6 43. Rb1 Rc8 44. Rb6 Rxc4 45. Rxd6+ Kg5 46. Rb6 Rxe4 47. Rxb7 Rd4 48. Rb6 Rxd5 49. Rxa6 e4 50. Kf2 Rd3 51. Re6 Rf3+ 52. Ke2 Rxg3 53. Rxe4 Ra3 54. Re5+ Kf6 55. Rh5 Ke6 56. Kd2 Kd6 57. Kc2 Kc6 58. Kb2 Ra4 59. Kb3 Rg4 60. Re5 Kb7 61. Ka3 Ka6 62. Rf5 Rd4 63. Kb3 Rh4 64. Rc5 Rg4 65. Kc2 Ra4 66. Kb3 Rxa5 67. Rc6+ Kb7 68. Rh6 Rg5 69. Kc4 Kc7 70. Ra6 Kb7 71. Re6 Kc7 72. Kd4 Kd7 73. Ra6 Kc7 74. Ke4 Kb7 75. Rf6 Ra5 76. Kd4 Kc7 77. Kc4 Kd7 78. Kb4 Rh5 79. Rg6 Ke7 80. Rb6 Kd7 81. Rb5 Rxb5+ 82. Kxb5 1/2-1/2

[Event "December 19 Late 2023"]
[Site "https://www.chess.com"]
[Date "2023.12.19"]
[Round "1"]
[White "Becerra, Juan David"]
[Black "Sahakyan, Aleks"]
[Result "0-1"]
[Board "76"]
[TimeControl "180+1"]
[WhiteFideId "4404998"]
[BlackFideId "13316338"]
[WhiteElo "2293"]
[BlackElo "2292"]
[WhiteTeam "COL"]
[BlackTeam "ARM"]
[WhiteClock "0:00:00"]
[BlackClock "0:00:16"]

1. d4 Nf6 2. Nc3 g6 3. e4 d6 4. Be3 Bg7 5. Bc4 O-O 6. h3 Nxe4 7. Bxf7+ Rxf7 8. Nxe4 h6 9. Ne2 Nc6 10. O-O e5 11. c3 exd4 12. Nxd4 Ne5 13. Qb3 Qf8 14. Rad1 Kh7 15. f4 Nc6 16. Ng3 Nxd4 17. Bxd4 Bxd4+ 18. Rxd4 c6 19. Qc2 Bf5 20. Nxf5 Rxf5 21. Re4 d5 22. Re6 Re8 23. Rfe1 Rxe6 24. Rxe6 Rf6 25. Qe2 Rxf4 26. Qe5 Rf1+ 27. Kh2 Rf7 28. c4 dxc4 29. Qd4 Qb8+ 30. Kg1 Qc8 31. Qxc4 Qf8 32. Qe4 Qc5+ 33. Kh2 Qf5 34. Qe3 a5 35. Re8 b5 36. Qd4 Qf4+ 37. Qxf4 Rxf4 38. Re7+ Kh8 39. Re6 Kg7 40. Rxc6 Rf2 41. Rc7+ Kf6 42. Rc6+ Kf7 43. b3 Rxa2 44. Rc5 b4 45. Rb5 Ra3 46. Kg3 Rxb3+ 47. Kf4 a4 48. Ke5 Re3+ 49. Kd4 Rg3 50. Rxb4 a3 51. Ke5 Rxg2 52. Rb7+ Ke8 53. Ra7 a2 54. Kf6 Kd8 55. Ke6 Kc8 56. Kf6 Kb8 57. Ra3 Kb7 58. Ra4 Kc6 59. Ra3 Kd5 60. Ra4 h5 61. h4 Kc5 62. Kg7 Kb5 63. Ra7 Kb4 64. Kh6 Kc3 65. Kg7 Kb2 66. Kh6 a1=Q 67. Rxa1 Kxa1 0-1

[Event "December 19 Late 2023"]
[Site "https://www.chess.com"]
[Date "2023.12.19"]
[Round "1"]
[White "Zeynalli, Rashad"]
[Black "Zhukov, Maksim"]
[Result "1-0"]
[Board "77"]
[TimeControl "180+1"]
[WhiteFideId "13403320"]
[BlackFideId "34181790"]
[WhiteElo "2088"]
[BlackElo "1925"]
[WhiteTeam "AZE"]
[BlackTeam "RUS"]
[WhiteClock "0:00:15"]
[BlackClock "0:00:10"]

1. d4 Nf6 2. Bf4 d5 3. e3 c5 4. dxc5 Nc6 5. Bb5 e6 6. b4 a5 7. c3 Ne4 8. f3 Nf6 9. Ne2 Bd7 10. Qb3 b6 11. Bxc6 Bxc6 12. b5 Bd7 13. c6 Bc8 14. a4 Bc5 15. Na3 O-O 16. Nc2 Re8 17. O-O e5 18. Bg5 Be6 19. Qb2 h6 20. Bh4 Bf5 21. Rad1 Bxc2 22. Qxc2 Bxe3+ 23. Kh1 g5 24. Bg3 Qe7 25. Qf5 Rad8 26. Rd3 d4 27. Rfd1 Nh5 28. Qh3 Nf4 29. Bxf4 exf4 30. Qxh6 Bf2 31. c7 Rd6 32. Qh3 Re6 33. Ng1 Re1 34. c8=Q Rxg1+ 35. Rxg1 Bxg1 36. Qcf5 f6 37. Qg6+ Kf8 38. Qh8# 1-0

[Event "December 19 Late 2023"]
[Site "https://www.chess.com"]
[Date "2023.12.19"]
[Round "1"]
[White "Laskakis, Konstantinos"]
[Black "Poormosavi, Seyed Kian"]
[Result "0-1"]
[Board "78"]
[TimeControl "180+1"]
[WhiteFideId "42134374"]
[BlackFideId "12585807"]
[WhiteElo "2381"]
[BlackElo "2296"]
[WhiteTeam "GRE"]
[BlackTeam "IRI"]
[WhiteClock "0:00:00"]
[BlackClock "0:01:30"]

1. d4 Nf6 2. c4 b6 3. Nc3 Bb7 4. Qc2 d5 5. cxd5 Nxd5 6. e4 Nxc3 7. bxc3 e6 8. Nf3 Be7 9. Bd3 O-O 10. O-O c5 11. Re1 cxd4 12. cxd4 Nc6 13. a3 Nxd4 14. Nxd4 Qxd4 15. Bb2 Qc5 16. Qb3 Rfd8 17. Rac1 Qd6 18. Red1 Rac8 19. Bc4 Qf4 20. Bxe6 fxe6 21. Rxd8+ Rxd8 22. Qxe6+ Qf7 23. Qg4 Bc5 24. Kh1 Rd2 25. Bxg7 Qxg7 26. Qe6+ Qf7 27. Qg4+ Kh8 28. Qg5 Rxf2 29. Qe5+ Kg8 30. Qg5+ Qg7 31. Qd8+ Rf8 32. Qd3 Qd4 33. Qg3+ Kh8 0-1

[Event "December 19 Late 2023"]
[Site "https://www.chess.com"]
[Date "2023.12.19"]
[Round "1"]
[White "Adla, Diego"]
[Black "Li, Tedric"]
[Result "1/2-1/2"]
[Board "79"]
[TimeControl "180+1"]
[WhiteFideId "100072"]
[BlackFideId "3242897"]
[WhiteElo "2377"]
[BlackElo "1833"]
[WhiteTeam "ARG"]
[BlackTeam "AUS"]
[WhiteClock "0:00:57"]
[BlackClock "0:01:23"]

1. c4 Nf6 2. Nc3 e5 3. Nf3 Nc6 4. e4 Bb4 5. d3 O-O 6. Be2 d6 7. O-O Be6 8. Ne1 Bxc3 9. bxc3 Nd7 10. f4 exf4 11. Bxf4 f5 12. Bf3 fxe4 13. Bxe4 Qh4 14. Bg3 Rxf1+ 15. Kxf1 Qf6+ 16. Kg1 Qxc3 17. Rb1 Nc5 18. Bf3 Rf8 19. Bf2 Nd4 20. Bxb7 Nxb7 21. Rxb7 c5 22. h3 Bf5 23. Rxa7 Re8 24. Nf3 Ne2+ 25. Kh2 Qxd3 26. Qxd3 Bxd3 27. Rd7 Bxc4 28. Rxd6 Bxa2 29. Rd2 Bb3 30. Bxc5 Nf4 31. Rd7 Bd5 32. Bd4 Bxf3 33. Rxg7+ Kf8 34. gxf3 Ne6 35. Rxh7 Nxd4 36. Rh8+ Kf7 37. Rxe8 Kxe8 1/2-1/2

[Event "December 19 Late 2023"]
[Site "https://www.chess.com"]
[Date "2023.12.19"]
[Round "1"]
[White "Carrasco Miranda, Andres"]
[Black "Martinez Ramirez, Lennis"]
[Result "1-0"]
[Board "80"]
[TimeControl "180+1"]
[WhiteFideId "3405990"]
[BlackFideId "3509079"]
[WhiteElo "2183"]
[BlackElo "2405"]
[WhiteTeam "CHI"]
[BlackTeam "CUB"]
[WhiteClock "0:00:21"]
[BlackClock "0:00:17"]

1. d4 d5 2. c4 e6 3. g3 Nf6 4. Bg2 Be7 5. Nf3 O-O 6. O-O a5 7. Nc3 c6 8. Qd3 b6 9. e4 Ba6 10. exd5 cxd5 11. Ne5 Nfd7 12. b3 Nxe5 13. dxe5 Nc6 14. Bf4 Rc8 15. Rad1 dxc4 16. Qxd8 Rfxd8 17. Rxd8+ Nxd8 18. bxc4 Rxc4 19. Ne4 Bb7 20. Re1 h6 21. Nd6 Bxd6 22. exd6 Bxg2 23. Kxg2 f6 24. Rb1 Rc6 25. d7 Kf7 26. Be3 Ke7 27. Bxb6 Nb7 28. d8=Q+ Nxd8 29. Bxa5 Rd6 30. Bb4 Nc6 31. Bxd6+ Kxd6 32. Rb7 g5 33. Rh7 Ke5 34. Rxh6 g4 35. Rh8 Nb4 36. a4 Kd5 37. Rc8 Nc6 38. f3 gxf3+ 39. Kxf3 e5 40. h4 f5 41. Rxc6 e4+ 42. Ke3 Kxc6 43. h5 1-0

[Event "December 19 Late 2023"]
[Site "https://www.chess.com"]
[Date "2023.12.19"]
[Round "1"]
[White "Tanenbaum, Zachary"]
[Black "Crasyhealer"]
[Result "1/2-1/2"]
[Board "81"]
[TimeControl "180+1"]
[WhiteFideId "2060850"]
[WhiteElo "2256"]
[BlackElo "2374"]
[WhiteTeam "USA"]
[WhiteClock "0:00:07"]
[BlackClock "0:00:16"]

1. e4 e5 2. Nf3 Nc6 3. Bc4 Bc5 4. d3 Nf6 5. c3 O-O 6. O-O d6 7. Re1 Be6 8. Bxe6 fxe6 9. b4 Bb6 10. a4 a6 11. Be3 Ba7 12. Bxa7 Rxa7 13. Nbd2 a5 14. b5 Ne7 15. d4 exd4 16. cxd4 d5 17. e5 Nd7 18. Ng5 Rf5 19. Nxe6 Qc8 20. Qg4 g6 21. Ra3 Nb6 22. Nc5 Kg7 23. Rh3 Rxe5 24. Ne6+ Qxe6 25. Qxe6 Rxe6 26. Rxe6 Nf5 27. g4 Nxd4 28. Re7+ Kf6 29. Rxc7 Nxa4 30. Rhxh7 Nxb5 31. Rxb7 Rxb7 32. Rxb7 Nac3 33. Nb3 a4 34. Nc5 a3 35. f4 a2 36. Rb6+ Ke7 37. Ra6 d4 38. Nd3 Nc7 39. Ra7 Kd6 40. Nb4 N7b5 41. Ra6+ Kc5 42. Nxa2 Ne2+ 43. Kf2 Nxf4 44. Nc1 Nc3 45. Kf3 g5 46. Ra5+ Kc4 47. Rxg5 d3 48. Nxd3 Nxd3 49. h4 Kd4 50. Rg8 Ne5+ 51. Kf4 Nd5+ 52. Kg3 Nf6 53. Rd8+ Ke4 54. g5 Nh5+ 55. Kh3 Kf5 56. Rd5 Nf4+ 57. Kg3 Nxd5 58. h5 Kxg5 59. h6 Kxh6 1/2-1/2

[Event "December 19 Late 2023"]
[Site "https://www.chess.com"]
[Date "2023.12.19"]
[Round "1"]
[White "Kovalevsky, Stanislav"]
[Black "Weetik, Vjacheslav"]
[Result "0-1"]
[Board "82"]
[TimeControl "180+1"]
[WhiteFideId "13508598"]
[BlackFideId "4153472"]
[WhiteElo "2043"]
[BlackElo "2469"]
[WhiteTeam "FID"]
[BlackTeam "RUS"]
[WhiteClock "0:00:01"]
[BlackClock "0:01:31"]

1. e4 e5 2. Nf3 Nc6 3. Bb5 a6 4. Ba4 Nf6 5. O-O b5 6. Bb3 Bc5 7. c3 d6 8. d4 Bb6 9. dxe5 Nxe5 10. Nxe5 dxe5 11. Qxd8+ Kxd8 12. Bxf7 Rf8 13. Bd5 Nxd5 14. exd5 Bb7 15. c4 bxc4 16. Nc3 Bd4 17. Be3 Bxc3 18. bxc3 Bxd5 19. Rab1 Kd7 20. Rfd1 Ke6 21. Rb2 Rfb8 22. Rdb1 Rb5 23. h3 Rab8 24. Rxb5 axb5 25. a4 c6 26. a5 Ra8 27. Bb6 Be4 28. Rd1 Bd3 29. f3 Kd5 30. Kf2 c5 31. Ke3 b4 32. cxb4 cxb4 33. Kd2 Bg6 34. Re1 c3+ 35. Kc1 b3 0-1

[Event "December 19 Late 2023"]
[Site "https://www.chess.com"]
[Date "2023.12.19"]
[Round "1"]
[White "Leiva, Gianmarco"]
[Black "Semenenko, Dmytry"]
[Result "1-0"]
[Board "83"]
[TimeControl "180+1"]
[WhiteFideId "3804399"]
[BlackFideId "14118645"]
[WhiteElo "2338"]
[BlackElo "2113"]
[WhiteTeam "PER"]
[BlackTeam "UKR"]
[WhiteClock "0:02:04"]
[BlackClock "0:01:27"]

1. e4 Nf6 2. e5 Nd5 3. d4 d6 4. exd6 cxd6 5. c4 Nb6 6. Bd3 g6 7. Nc3 Bg7 8. Be3 Nc6 9. Nge2 O-O 10. O-O d5 11. c5 Nc4 12. Bxc4 dxc4 13. d5 Nb4 14. Qd2 Bf5 15. Bd4 Bxd4 16. Nxd4 Bd3 17. Rfe1 Nxd5 18. Qh6 Nb4 19. Nf3 Nc2 20. Ng5 1-0

[Event "December 19 Late 2023"]
[Site "https://www.chess.com"]
[Date "2023.12.19"]
[Round "1"]
[White "Szyszylo, Rafal"]
[Black "Sun, Rick"]
[Result "1-0"]
[Board "84"]
[TimeControl "180+1"]
[WhiteFideId "1109626"]
[BlackFideId "30909481"]
[WhiteElo "1951"]
[BlackElo "2169"]
[WhiteTeam "POL"]
[BlackTeam "USA"]
[WhiteClock "0:00:09"]
[BlackClock "0:00:38"]

1. e4 d6 2. d4 Nf6 3. Nc3 Nbd7 4. Be3 e5 5. Qd2 Be7 6. O-O-O c6 7. f3 b5 8. g4 exd4 9. Bxd4 b4 10. Nce2 c5 11. Be3 Qa5 12. Kb1 Ne5 13. Nc1 O-O 14. g5 Nfd7 15. f4 Ng4 16. Bc4 Nb6 17. Bd5 Nxd5 18. exd5 Re8 19. Nf3 Bf5 20. Bg1 Be4 21. Qg2 c4 22. Qxg4 b3 23. axb3 cxb3 24. Nxb3 Qa4 25. Rd4 Qxb3 26. Rxe4 Qxd5 27. Rd4 Qc6 28. h4 Rab8 29. Rh2 d5 30. Ne5 Qc3 31. b3 Bc5 32. Rd3 Qe1+ 33. Rd1 Qc3 34. Bxc5 Qxc5 35. Nd7 Qc8 36. Rxd5 Rb4 37. Rhd2 Rbe4 38. Kb2 a5 39. Qf5 a4 40. Nc5 Qa8 41. Qxe4 a3+ 42. Ka2 Rxe4 43. Rd8+ Re8 44. Rxa8 Rxa8 45. b4 h6 46. b5 hxg5 47. hxg5 Rb8 48. c4 Kh8 49. Kxa3 Kh7 50. Kb4 Kg6 51. Nd7 Rb7 52. c5 Kf5 53. c6 Rc7 54. Kc5 Kxf4 55. b6 Rxc6+ 56. Kxc6 Kxg5 57. b7 f5 58. b8=Q g6 59. Qg8 Kh5 60. Nf8 Kg5 61. Qxg6+ Kf4 62. Ne6+ Ke3 63. Rg2 f4 64. Qf5 Kf3 65. Qxf4+ Kxg2 66. Qf5 Kg3 67. Kd5 Kh4 68. Ke5 Kg3 69. Ke4 Kh4 70. Ke3 Kg3 71. Qf4+ Kh3 72. Qg5 Kh2 73. Kf2 Kh1 74. Qg2# 1-0